Map: Breakwater LE

Players

FLORUX

  • Race: Protoss Protoss
  • League: Diamond
  • Spawn Location: 7:00

ErikaFr

  • Race: Terran Terran
  • Spawn Location: 7:00

Ekelpack - Winner!

  • Race: Zerg Zerg
  • Spawn Location: 1:00

Nyck - Winner!

  • Race: Terran Terran
  • Spawn Location: 1:00

VOD

Have the link to the VOD?

Description

Time

  • Played on: Jan. 29, 2025, 3:17 p.m.
  • Length: 17:48
Show
View Real Time Build Order
Export as new Build Order

FLORUX Protoss 

Build Orders:  

Get SALT Encoding   

  12  0:01  Probe  
  13  0:13  Pylon  
  13  0:19  Probe  
  14  0:34  Forge  
  14  0:35  Probe  
  15  1:06  Pylon  
  15  1:12  Pylon  
  15  1:14  Pylon  
  15  1:15  Pylon  
  15  1:24  Pylon  
  15  1:30  Probe  
  16  1:34  Photon Cannon  
  16  1:36  Pylon  
  16  1:43  Pylon  
  16  1:51  Photon Cannon  
  16  2:05  Photon Cannon  
  16  2:15  Probe  
  16  2:23  Pylon  
  15  2:47  Gateway  
  15  2:51  Assimilator  
  15  2:54  Probe  
  15  2:57  Assimilator  
  16  2:59  Photon Cannon x2  
  16  3:02  Probe  
  16  3:10  Probe  
  17  3:18  Probe  
  18  3:26  Probe  
  20  3:37  Cybernetics Core  
  20  3:39  Probe  
  21  3:51  Probe, Pylon  
  21  3:53  Pylon  
  22  4:19  Stargate  
  22  4:23  Stargate  
  22  4:28  Probe  
  23  4:44  Nexus  
  23  4:47  Pylon  
  23  4:57  Oracle  
  26  5:18  Oracle  
  29  5:47  Probe  
  30  5:56  Fleet Beacon  
  30  5:58  Photon Cannon  
  30  5:59  Probe  
  30  6:00  Shield Battery  
  30  6:03  Pylon  
  30  6:04  Probe  
  32  6:05  Pylon  
  32  6:07  Pylon  
  32  6:12  Probe  
  32  6:16  Probe  
  38  6:40  Void Ray  
  35  7:11  Probe x2  
  34  7:17  Anion Pulse-Crystals  
  34  7:18  Phoenix  
  36  7:23  Probe x2, Photon Cannon  
  36  7:26  Photon Cannon  
  36  7:27  Shield Battery  
  36  7:29  Pylon  
  38  7:34  Cybernetics Core  
  38  7:37  Pylon  
  38  7:38  Probe  
  38  7:39  Probe  
  38  7:43  Assimilator  
  40  7:47  Protoss Air Weapons Level 1  
  40  7:48  Phoenix  
  42  7:51  Probe  
  43  7:58  Probe  
  43  7:59  Assimilator  
  43  8:01  Pylon  
  43  8:03  Probe  
  45  8:07  Phoenix  
  45  8:10  Probe  
  48  8:21  Photon Cannon  
  48  8:24  Probe, Photon Cannon  
  48  8:25  Probe  
  48  8:26  Shield Battery  
  50  8:27  Phoenix  
  52  8:37  Probe x2  
  54  8:44  Nexus  
  54  8:49  Probe x2  
  54  8:52  Phoenix  
  58  9:01  Probe x2  
  58  9:02  Protoss Air Armor Level 1  
  60  9:13  Photon Cannon  
  60  9:15  Photon Cannon  
  60  9:17  Shield Battery  
  60  9:18  Pylon  
  60  9:24  Assimilator  
  60  9:25  Assimilator  
  60  9:44  Phoenix  
  60  9:45  Phoenix  
  60  10:03  Stargate  
  60  10:07  Phoenix x2  
  64  10:16  Nexus  
  64  10:21  Photon Cannon  
  64  10:22  Photon Cannon  
  64  10:24  Phoenix x2  
  68  10:39  Phoenix  
  68  10:41  Phoenix x2  
  74  10:54  Probe x2  
  76  11:02  Phoenix  
  76  11:03  Phoenix  
  76  11:06  Probe  
  76  11:07  Probe  
  80  11:18  Probe  
  79  11:28  Phoenix  
  79  11:29  Phoenix x2  
  73  11:48  Phoenix x3  
  76  12:08  Phoenix  
  76  12:09  Phoenix x2  
  82  12:18  Nexus  
  82  12:33  Phoenix  
  82  12:34  Phoenix x2  
  72  12:58  Phoenix  
  72  12:59  Phoenix  
  72  13:04  Phoenix  
  78  13:17  Probe x2  
  80  13:23  Phoenix  
  80  13:24  Phoenix  
  84  13:29  Probe x2, Phoenix  
  82  13:48  Phoenix  
  82  13:49  Phoenix  
  82  13:54  Phoenix  
  77  14:23  Void Ray x2  
  89  14:27  Void Ray  
  89  14:47  Nexus  
  89  14:50  Pylon  
  89  14:54  Pylon  
  89  14:57  Pylon  
  89  15:00  Phoenix  
  89  15:02  Pylon  
  89  15:15  Protoss Air Weapons Level 2  
  89  15:25  Flux Vanes  
  89  15:41  Photon Cannon  
  89  15:43  Photon Cannon  
  89  15:44  Shield Battery  
  89  15:49  Photon Cannon  
  89  15:51  Photon Cannon  
  89  15:54  Photon Cannon  
  93  16:06  Void Ray  
  93  16:09  Probe  
  98  16:11  Probe  
  98  16:13  Void Ray  
  103  16:30  Void Ray  
Show
View Real Time Build Order
Export as new Build Order

ErikaFr Terran 

Build Orders: 1/1/1 

Get SALT Encoding   

  12  0:01  SCV  
  13  0:13  SCV  
  14  0:18  Supply Depot  
  14  0:25  SCV  
  15  0:30  Refinery  
  15  0:42  Barracks  
  15  0:45  SCV  
  16  0:52  Refinery  
  16  1:04  SCV  
  17  1:21  SCV  
  17  1:25  Supply Depot  
  18  1:33  Factory  
  18  1:38  Reaper  
  19  1:47  Supply Depot  
  19  1:57  Orbital Command  
  19  2:19  Starport  
  19  2:25  Factory Tech Lab  
  19  2:46  Siege Tank  
  22  2:56  Fusion Core, Starport Tech Lab  
  22  3:05  SCV  
  23  3:52  Battlecruiser  
  29  3:59  Bunker  
  29  4:20  Weapon Refit  
  29  4:39  Bunker  
  29  4:41  Widow Mine  
  31  5:19  Battlecruiser  
  37  6:56  Battlecruiser  
  37  6:58  Supply Depot  
  37  7:19  SCV  
  38  7:31  SCV  
  39  7:39  Engineering Bay  
  39  8:01  Battlecruiser  
  39  8:05  SCV  
  46  8:12  Missile Turret  
  46  8:17  SCV  
  47  8:23  Missile Turret  
  47  8:39  Missile Turret  
  47  8:41  Missile Turret  
  47  8:43  Missile Turret  
  47  8:45  Missile Turret  
  41  9:43  Battlecruiser  
  35  10:12  Starport  
  35  10:21  Missile Turret  
  35  10:47  Battlecruiser  
  41  10:51  Starport Tech Lab  
  41  11:01  Missile Turret  
  41  11:39  Battlecruiser  
  41  12:28  Viking  
  37  12:50  Battlecruiser  
  37  13:17  Missile Turret  
  37  13:21  Battlecruiser  
  43  13:30  Missile Turret  
  43  13:37  Widow Mine  
  45  13:58  Widow Mine  
  45  14:20  Battlecruiser  
  45  15:27  Command Center  
  45  16:39  Battlecruiser  
  43  17:20  Missile Turret  
Show
View Real Time Build Order
Export as new Build Order

Ekelpack Zerg - Winner!

Build Orders: Hatch First 

Get SALT Encoding   

  12  0:00  Drone  
  13  0:13  Overlord  
  13  0:16  Drone  
  14  0:31  Drone x2  
  14  0:34  Drone  
  17  0:46  Drone  
  18  0:57  Drone  
  18  0:58  Hatchery  
  18  1:00  Extractor  
  17  1:12  Spawning Pool  
  17  1:14  Drone  
  17  1:19  Drone  
  18  1:28  Drone  
  19  1:58  Overlord  
  19  1:59  Queen, Zergling x2  
  21  2:12  Zergling x4  
  21  2:14  Drone  
  21  2:26  Zergling x2  
  22  2:33  Zergling x2  
  22  2:36  Drone x2  
  25  2:46  Lair  
  25  2:51  Drone  
  25  2:56  Drone  
  25  2:57  Drone  
  28  3:07  Queen  
  28  3:10  Drone  
  31  3:17  Drone x2  
  31  3:19  Extractor  
  32  3:24  Drone x3  
  34  3:34  Drone x2  
  34  3:35  Overlord  
  34  3:39  Extractor  
  35  3:44  Drone  
  36  3:50  Overlord  
  36  3:56  Drone  
  36  3:59  Drone, Extractor  
  36  4:00  Drone x2  
  39  4:06  Drone  
  39  4:09  Overlord  
  40  4:19  Spire  
  40  4:21  Drone  
  40  4:22  Drone x3  
  43  4:28  Drone  
  44  4:37  Overlord  
  44  4:39  Drone  
  45  4:49  Drone  
  44  5:16  Queen  
  43  5:31  Queen  
  43  5:32  Corruptor x3  
  43  5:33  Corruptor x2  
  55  5:37  Zerg Flyer Weapons Level 1  
  50  6:25  Drone x4  
  52  6:26  Drone  
  55  6:41  Corruptor  
  55  6:42  Zergling x4  
  55  6:43  Zergling x10  
  62  6:52  Corruptor  
  62  6:53  Zergling x4  
  62  6:54  Zergling x4  
  60  7:13  Drone x3  
  63  7:31  Metabolic Boost  
  63  7:51  Drone x5  
  66  7:52  Overlord x3  
  66  7:57  Infestation Pit  
  67  8:06  Zerg Flyer Weapons Level 2  
  67  8:14  Zergling x6  
  67  8:15  Zergling x10  
  75  8:31  Corruptor  
  75  8:32  Corruptor x4  
  85  8:44  Drone x2  
  87  8:50  Hive  
  87  9:12  Overlord x2  
  81  10:07  Hydralisk Den  
  80  10:08  Drone  
  80  10:09  Drone  
  82  10:18  Zergling x4  
  82  10:19  Zergling x12  
  82  10:20  Zergling x4  
  92  10:28  Zerg Flyer Weapons Level 3  
  92  10:57  Grooved Spines  
  92  11:06  Evolution Chamber  
  92  11:08  Hatchery  
  92  11:10  Evolution Chamber  
  85  11:47  Muscular Augments  
  85  11:48  Hydralisk x5  
  85  11:49  Hydralisk x7  
  85  11:50  Hydralisk  
  85  11:53  Overlord x3  
  104  12:04  Overlord  
  104  12:05  Overlord  
  104  12:13  Zerg Ground Armor Level 1, Extractor, Zerg Missile Weapons Level 1  
  103  12:16  Extractor  
  103  12:20  Queen  
  98  12:57  Corruptor x2  
  98  12:58  Corruptor x2  
  104  13:22  Drone x2  
  106  13:30  Hydralisk x6  
  106  13:31  Hydralisk x2  
  111  14:02  Overlord  
  111  14:03  Overlord x5  
  105  14:22  Zerg Missile Weapons Level 2  
  105  14:23  Zerg Ground Armor Level 2  
  104  14:29  Hydralisk  
  104  14:30  Hydralisk x5  
  110  14:33  Unknown  
  110  14:38  Adrenal Glands  
  103  14:49  Drone x3  
  106  15:19  Drone  
  106  15:20  Drone  
  108  15:32  Hydralisk  
  108  15:33  Hydralisk x6  
  108  15:34  Hatchery, Hydralisk x4  
  129  15:41  Overlord  
  127  16:03  Pneumatized Carapace  
  127  16:27  Overlord x2  
  127  16:28  Hydralisk x5  
Show
View Real Time Build Order
Export as new Build Order

Nyck Terran - Winner!

Build Orders: Reaper Expand 

Get SALT Encoding   

  12  0:00  SCV  
  13  0:12  SCV  
  14  0:18  Supply Depot  
  14  0:25  SCV  
  15  0:42  SCV, Barracks  
  16  0:46  Refinery  
  16  0:55  SCV  
  17  1:07  SCV  
  18  1:19  SCV  
  19  1:29  Reaper  
  20  1:35  Orbital Command  
  20  2:10  SCV  
  17  2:22  SCV  
  14  2:35  SCV  
  9  2:52  SCV  
  9  2:56  Command Center  
  10  3:05  SCV  
  11  3:22  SCV  
  12  3:33  Command Center  
  12  3:39  SCV  
  13  3:54  SCV  
  14  3:55  Refinery  
  14  3:59  Factory  
  14  4:11  SCV  
  15  4:22  Orbital Command  
  15  4:24  SCV  
  16  4:36  SCV  
  17  4:45  Orbital Command  
  17  4:48  SCV  
  17  4:52  SCV  
  19  5:00  SCV  
  19  5:05  Starport  
  20  5:08  Marine  
  21  5:14  SCV x2  
  23  5:27  Starport  
  23  5:29  Marine  
  23  5:33  SCV  
  25  5:51  Armory  
  25  5:52  SCV  
  25  5:53  SCV  
  25  5:54  SCV  
  28  6:05  SCV x2  
  28  6:06  SCV  
  31  6:17  SCV x2  
  31  6:18  SCV  
  34  6:22  Refinery  
  34  6:24  Refinery  
  34  6:29  SCV x2  
  34  6:30  SCV, Refinery  
  34  6:32  Refinery  
  29  6:41  SCV x2, Viking  
  29  6:42  SCV, Viking  
  34  6:55  SCV x2  
  34  6:56  SCV  
  37  7:06  Starport  
  37  7:07  SCV  
  37  7:08  SCV x2  
  36  7:19  Viking x2  
  36  7:20  SCV x3  
  43  7:32  SCV x3  
  46  7:44  SCV x3  
  49  7:54  Viking x2  
  49  7:55  Engineering Bay  
  53  7:58  Supply Depot  
  53  8:11  Terran Vehicle And Ship Armor Level 1  
  53  8:13  Armory  
  53  8:20  SCV x3  
  53  8:21  Starport Tech Lab  
  53  8:24  Starport Tech Lab  
  53  8:25  Starport Tech Lab  
  56  8:32  SCV x3  
  59  8:34  Fusion Core  
  59  8:42  Supply Depot  
  59  8:44  SCV x2  
  61  9:03  SCV x3  
  61  9:08  Command Center  
  64  9:12  Supply Depot  
  64  9:15  SCV x3  
  67  9:19  Terran Ship Weapons Level 1  
  65  9:27  SCV x3  
  67  9:34  Battlecruiser  
  73  9:47  SCV  
  73  9:48  SCV x2  
  77  10:00  SCV, Factory Tech Lab  
  77  10:04  Supply Depot  
  77  10:05  Weapon Refit  
  77  10:09  Terran Vehicle And Ship Armor Level 2  
  77  10:19  SCV x3, Battlecruiser x2  
  92  10:21  Orbital Command  
  92  10:24  Refinery  
  92  10:31  SCV x3  
  95  10:43  SCV x3  
  95  10:46  Supply Depot  
  98  10:55  SCV x2  
  100  10:59  Supply Depot  
  100  11:06  SCV  
  100  11:08  Supply Depot, SCV, Battlecruiser  
  104  11:19  SCV x3  
  104  11:20  Thor  
  104  11:21  Supply Depot  
  104  11:22  Missile Turret  
  104  11:23  SCV  
  114  11:30  Battlecruiser  
  114  11:31  Supply Depot, SCV x3  
  123  11:33  Command Center  
  123  11:35  SCV  
  124  11:43  Supply Depot, SCV x2, Battlecruiser  
  132  11:51  Terran Ship Weapons Level 2  
  132  11:53  SCV x2  
  134  11:54  Supply Depot  
  134  12:04  SCV x2  
  134  12:05  Supply Depot, SCV x2  
  138  12:09  Thor  
  144  12:16  SCV x2, Battlecruiser  
  144  12:17  SCV x2  
  144  12:18  Supply Depot  
  153  12:23  Starport  
  153  12:34  Battlecruiser  
  147  12:47  Battlecruiser  
  153  13:00  Starport  
  153  13:09  SCV x3  
  156  13:21  SCV  
  157  13:33  Thor  
  156  13:40  SCV x2  
  157  13:50  Command Center  
  157  13:54  Terran Vehicle And Ship Armor Level 3  
  157  13:55  Command Center  
  157  14:07  SCV x2, Starport Tech Lab  
  156  14:16  Starport Tech Lab  
  153  14:39  Viking x2  
  157  15:02  SCV x3, Thor, Battlecruiser  
  157  15:04  Orbital Command  
  157  15:07  Battlecruiser x2  
  184  15:08  Refinery  
  184  15:09  SCV  
  184  15:10  Refinery  
  185  15:14  SCV x2  
  187  15:37  Neosteel Armor  
  187  15:47  Refinery  
  187  15:48  Refinery  
  187  15:49  Orbital Command  
  187  16:22  Refinery  
  187  16:28  SCV x2, Thor  
  187  16:29  SCV, Viking x2  
  200  16:33  Viking  
  200  16:35  Viking  
  200  17:36  SCV  
Tags
 
Add a new tag
Caveats
  • Supply blocks, unpowered buildings, or Contaminate may cause inaccurate times.
  • Supply counts are checked every 10 seconds.